[Event "Titled Tuesday Blitz August 16 Early 2022"]
[White "Salman, Pavel"]
[Black "Brodowski, Piotr"]
[WhiteFideId "24153753"]
[BlackFideId "1124480"]
[WhiteElo "2143"]
[BlackElo "2312"]
[Result "0-1"]
[Round "10"]
[TimeControl "180+2"]
[Date "2022.08.18"]
[WhiteClock "0:00:00"]
[BlackClock "0:00:00"]

1. Nf3 d6 2. g3 e5 3. d3 h6 4. Bg2 g6 5. O-O Ke7 6. c4 Kf6 7. Nc3 Kg7 8. b4 a5 9. b5 Kh7 10. d4 exd4 11. Nxd4 Bg7 12. Bb2 Nf6 13. Qc2 Nbd7 14. Rad1 Re8 15. e3 Nc5 16. h4 Qe7 17. a4 Bg4 18. Rd2 Rad8 19. Re1 Qf8 20. e4 Qh8 21. Nb3 Nfd7 22. Nxa5 Ne5 23. Nd5 c6 24. bxc6 bxc6 25. Ne3 Nf3+ 26. Bxf3 Bxf3 27. Bxg7 Qxg7 28. Nxc6 Rc8 29. Nd4 Bxe4 30. Qd1 Ba8 31. Nd5 Rxe1+ 32. Qxe1 Nxa4 33. Ne3 Qe5 34. Qe2 Nc3 35. Qd3 Ne4 36. Ra2 Nc5 37. Qe2 Qxd4 38. Rd2 Qe4 39. f3 Qxf3 40. Qxf3 Bxf3 41. Rxd6 Kg7 42. Kf2 Bb7 43. Ke2 Bc6 44. g4 Ne4 45. Rd1 Nf6 46. g5 hxg5 47. hxg5 Ne4 48. Ra1 Nxg5 49. Ra7 Ne6 50. Kd3 Rc7 51. Ra6 Nc5+ 0-1


[Site "https://www.chess.com"]

[Event "Titled Tuesday Blitz August 16 Early 2022"]
[White "Samadov, Read"]
[Black "Lagno, Kateryna"]
[WhiteFideId "13417444"]
[BlackFideId "14109336"]
[WhiteElo "2084"]
[BlackElo "2522"]
[Result "0-1"]
[Round "10"]
[TimeControl "180+1"]
[Date "2022.08.16"]
[WhiteClock "0:00:01"]
[BlackClock "0:00:32"]

1. d4 Nf6 2. c4 g6 3. g3 Bg7 4. Bg2 O-O 5. Nc3 Nc6 6. Nf3 d5 7. cxd5 Nxd5 8. O-O Nb6 9. e3 Re8 10. Qe2 e5 11. dxe5 Nxe5 12. Rd1 Qe7 13. Nxe5 Bxe5 14. e4 h5 15. Be3 Be6 16. h3 h4 17. g4 g5 18. Rac1 c6 19. Bd4 Qf6 20. Bxe5 Qxe5 21. b3 Rad8 22. Qe3 f6 23. Ne2 Bf7 24. Rxd8 Rxd8 25. Rf1 Re8 26. Qd2 Bg6 27. f4 Qc5+ 28. Kh2 Bxe4 29. Bxe4 Rxe4 30. Nc3 Re3 31. Qd8+ Kg7 32. fxg5 Qe5+ 33. Kg1 Rg3+ 34. Kh1 Rxh3+ 0-1


[Site "https://www.chess.com"]

[Event "Titled Tuesday Blitz August 16 Early 2022"]
[White "Senthil Maran K"]
[Black "Demchenko, Anton"]
[WhiteFideId "25035681"]
[BlackFideId "4160258"]
[WhiteElo "2124"]
[BlackElo "2539"]
[Result "0-1"]
[Round "10"]
[TimeControl "180+1"]
[Date "2022.08.16"]
[WhiteClock "0:00:01"]
[BlackClock "0:00:58"]

1. c4 Nf6 2. g3 g6 3. Bg2 Bg7 4. Nf3 O-O 5. O-O d6 6. Nc3 Nbd7 7. d4 e5 8. dxe5 dxe5 9. h3 c6 10. Be3 Qe7 11. Qb3 Ne8 12. Rfd1 f5 13. Rac1 e4 14. Nd4 Ne5 15. Na4 Kh8 16. Qa3 Qf7 17. Qb4 Nf6 18. f4 Ned7 19. Nb3 Re8 20. Nac5 b6 21. Nxd7 Bxd7 22. Qd6 c5 23. Rd2 Be6 24. Rcd1 Bxc4 25. Nc1 Rac8 26. Rc2 Nd5 27. b3 Nxe3 0-1


[Site "https://www.chess.com"]

[Event "Titled Tuesday Blitz August 16 Early 2022"]
[White "Shapiro, Daniel"]
[Black "Filippova, Margarita"]
[WhiteFideId "2001780"]
[BlackFideId "34199680"]
[WhiteElo "2284"]
[BlackElo "1734"]
[Result "0-1"]
[Round "10"]
[TimeControl "180+2"]
[Date "2022.08.18"]
[WhiteClock "0:00:00"]
[BlackClock "0:00:00"]

1. d4 Nf6 2. c4 e6 3. g3 Bb4+ 4. Bd2 Qe7 5. Bg2 Nc6 6. Nf3 Bxd2+ 7. Nbxd2 O-O 8. O-O d6 9. e4 e5 10. d5 Nb8 11. Ne1 Ne8 12. Nd3 f5 13. f4 fxe4 14. Nxe4 Bf5 15. Re1 Nd7 16. g4 Bxe4 17. Bxe4 Qh4 18. Bf5 Ndf6 19. Be6+ Kh8 20. fxe5 dxe5 21. Nxe5 Nd6 22. c5 Nfe4 23. Rf1 Nxc5 24. Rc1 Rxf1+ 25. Qxf1 Nxe6 26. dxe6 Qh6 27. Rxc7 Qe3+ 28. Qf2 Qxe5 29. e7 Rg8 30. Qf8 Qd4+ 31. Kg2 Qxg4+ 32. Kf1 Qe4 33. Rd7 Qc4+ 34. Ke1 Qe6+ 0-1


[Site "https://www.chess.com"]

[Event "Titled Tuesday Blitz August 16 Early 2022"]
[White "Shukhman, Anna"]
[Black "Omariev, Maksim"]
[WhiteFideId "54180058"]
[BlackFideId "4193423"]
[WhiteElo "1726"]
[BlackElo "2304"]
[Result "1-0"]
[Round "10"]
[TimeControl "180+2"]
[Date "2022.08.18"]
[WhiteClock "0:00:00"]
[BlackClock "0:00:00"]

1. e4 c5 2. Nf3 d6 3. d4 cxd4 4. Nxd4 Nf6 5. Nc3 a6 6. Qd3 Nbd7 7. a4 Nc5 8. Qe3 e5 9. Nb3 Nxb3 10. cxb3 Be6 11. Bc4 Be7 12. O-O O-O 13. Qe2 Rc8 14. Bg5 Nd7 15. Bxe7 Qxe7 16. Rac1 Nc5 17. b4 Nb3 18. Bxb3 Bxb3 19. Nd5 Qe6 20. Nb6 Rxc1 21. Rxc1 f5 22. exf5 Qxf5 23. Qe3 Be6 24. f3 d5 25. Re1 e4 26. fxe4 Qg6 27. exd5 Bh3 28. Qxh3 Qxb6+ 29. Qe3 Qxb4 30. b3 Qd6 31. Qe6+ Qxe6 32. dxe6 Re8 33. Kf2 Kf8 34. Re4 Ke7 35. Ke3 Rc8 36. Kd3 Rc6 37. Rb4 b6 38. a5 b5 39. Re4 Rxe6 40. Rxe6+ Kxe6 41. Kd4 Kd6 42. b4 g6 43. g3 h6 44. h3 h5 45. h4 Kc6 46. Ke5 Kc7 47. Kf6 Kd6 48. Kxg6 Kd5 49. Kxh5 Kc4 50. g4 Kxb4 51. g5 Kxa5 52. g6 b4 53. g7 Ka4 54. g8=Q a5 55. Qa2+ Kb5 56. Qd5+ Ka4 57. Kg5 b3 58. h5 Ka3 59. Qxa5+ Kb2 60. Qb6 1-0


[Site "https://www.chess.com"]

[Event "Titled Tuesday Blitz August 16 Early 2022"]
[White "Shuvalova, Polina"]
[Black "Bharath Subramaniyam H"]
[WhiteFideId "24171760"]
[BlackFideId "46634827"]
[WhiteElo "2330"]
[BlackElo "2346"]
[Result "1-0"]
[Round "10"]
[TimeControl "180+1"]
[Date "2022.08.16"]
[WhiteClock "0:00:02"]
[BlackClock "0:00:05"]

1. e4 c5 2. Nf3 d6 3. d4 cxd4 4. Nxd4 Nf6 5. Nc3 a6 6. g3 e5 7. Nb3 Be7 8. Bg5 O-O 9. a4 Be6 10. Bg2 Nbd7 11. O-O Rc8 12. a5 Qc7 13. h3 Rfd8 14. Be3 Qb8 15. Re1 Nc5 16. Nxc5 dxc5 17. Qe2 Qc7 18. Bg5 Rd4 19. Bxf6 Bxf6 20. Nd5 Bxd5 21. exd5 Rb4 22. c3 Rb5 23. Ra4 Rd8 24. Rea1 Be7 25. Be4 g6 26. Bd3 c4 27. Rxc4 Rc5 28. Rxc5 Bxc5 29. b4 Bd6 30. Qd2 f5 31. c4 e4 32. Bf1 Be5 33. Rd1 f4 34. gxf4 Bxf4 35. Qe2 Qe5 36. c5 e3 37. fxe3 Bxe3+ 38. Kh1 Rf8 39. d6 Rf2 40. Qc4+ Kf8 41. Bg2 Qg3 42. Qe4 Kg7 43. d7 Bf4 44. Qe7+ Kh6 45. Qf8+ Kh5 46. Rd5+ Bg5 47. Rxg5+ Kxg5 48. d8=Q+ Kh5 49. Qd5+ g5 50. Qe8+ Kh4 51. Qee4+ Rf4 52. Qxh7# 1-0


[Site "https://www.chess.com"]

[Event "Titled Tuesday Blitz August 16 Early 2022"]
[White "Skliarov, Viktor"]
[Black "Mendez Fortes, Eduardo Jesus"]
[WhiteFideId "14106736"]
[BlackFideId "3502376"]
[WhiteElo "2257"]
[BlackElo "2307"]
[Result "1-0"]
[Round "10"]
[TimeControl "180+1"]
[Date "2022.08.16"]
[WhiteClock "0:00:03"]
[BlackClock "0:00:27"]

1. e4 e5 2. Nc3 Nf6 3. Bc4 Nxe4 4. Qh5 Nd6 5. Bb3 Be7 6. Qxe5 O-O 7. Nge2 b5 8. Nd5 Re8 9. Nxe7+ Rxe7 10. Qh5 Qe8 11. d4 Bb7 12. Be3 Bxg2 13. Rg1 Be4 14. O-O-O Bg6 15. Qf3 Nc6 16. h4 Be4 17. Qg4 g6 18. h5 Bf5 19. Qg2 Na5 20. hxg6 Nxb3+ 21. axb3 fxg6 22. Ng3 a5 23. Bg5 Re6 24. Bf4 Qf7 25. Qxa8+ Re8 26. Qf3 Be6 27. Rd3 Rf8 28. Ne2 Nf5 29. Qh1 a4 30. bxa4 Bc4 31. Rd2 bxa4 32. Be5 d6 33. Bg3 a3 34. Nc3 axb2+ 35. Kxb2 c5 36. dxc5 Rb8+ 37. Kc1 Qa7 38. Rxd6 Qa1+ 39. Kd2 Qa7 40. Qc6 Rf8 41. Be5 Qe7 42. Rdxg6+ Kf7 43. Rg7+ Nxg7 44. Rxg7# 1-0


[Site "https://www.chess.com"]

[Event "Titled Tuesday Blitz August 16 Early 2022"]
[White "Sourath Biswas"]
[Black "D`Arruda, Ricardo D."]
[WhiteFideId "35091484"]
[BlackFideId "100692"]
[WhiteElo "1777"]
[BlackElo "2271"]
[Result "1-0"]
[Round "10"]
[TimeControl "180+2"]
[Date "2022.08.18"]
[WhiteClock "0:00:00"]
[BlackClock "0:00:00"]

1. d4 Nf6 2. Bf4 d6 3. Nc3 Nbd7 4. Nf3 g6 5. e4 Bg7 6. Qd2 O-O 7. e5 Nh5 8. Bh6 dxe5 9. Bxg7 Kxg7 10. dxe5 Nc5 11. Qe3 Ne6 12. Bc4 c6 13. O-O Qb6 14. Qxb6 axb6 15. a4 Bd7 16. g3 Rfd8 17. Rfd1 Be8 18. Bxe6 fxe6 19. Ng5 Bf7 20. Ne2 h6 21. Nh3 Kf8 22. g4 Ng7 23. Ng3 Rd5 24. f4 Rad8 25. Nf2 g5 26. fxg5 hxg5 27. c4 Rd4 28. Ne2 Rd2 29. Nc3 Bg6 30. Kf1 R8d4 31. Rxd2 Rxd2 32. Ncd1 Bd3+ 33. Nxd3 Rxd3 34. Ra3 Rd4 35. Nf2 Rxc4 36. Rb3 Rxa4 37. Rxb6 Ra7 38. Ne4 Ne8 39. Nxg5 Kg7 40. Nxe6+ Kg6 41. Nc5 Kg5 42. Rxb7 Rxb7 43. Nxb7 Kxg4 44. Nd8 c5 45. Nb7 c4 46. Na5 Kf5 47. Nxc4 Ke4 48. Ke2 Kd4 49. b3 Kc3 50. Ke3 Kxb3 51. Kd4 Kb4 52. Ne3 Kb5 53. Nd5 e6 54. Nf4 Nc7 55. h4 Kc6 56. h5 Kd7 57. h6 Ne8 58. h7 1-0


[Site "https://www.chess.com"]

[Event "Titled Tuesday Blitz August 16 Early 2022"]
[White "Tasev, Dejan"]
[Black "Kotepalli, Sai Nirupama"]
[WhiteFideId "936618"]
[BlackFideId "5039444"]
[WhiteElo "2253"]
[BlackElo "1910"]
[Result "0-1"]
[Round "10"]
[TimeControl "180+2"]
[Date "2022.08.18"]
[WhiteClock "0:00:00"]
[BlackClock "0:00:00"]

1. e4 c5 2. Nf3 e6 3. b3 Nc6 4. Bb2 d5 5. exd5 exd5 6. Bb5 Nf6 7. O-O Be7 8. h3 O-O 9. Bxc6 bxc6 10. d3 Rb8 11. Nbd2 Ba6 12. Re1 Bd6 13. Nf1 c4 14. dxc4 dxc4 15. Ne3 Re8 16. Nf5 Rxe1+ 17. Qxe1 Bb4 18. Qe5 Rb5 19. Qf4 c3 20. Bc1 Qd1+ 21. Kh2 Bf8 22. Ne3 Qe2 23. Nd4 Qe1 24. Nxb5 Bxb5 25. a4 Be2 26. Bb2 Qd2 27. Ba3 c5 28. b4 Bd6 29. Qxd6 Qxd6+ 30. Kg1 cxb4 31. Bc1 Ne4 32. a5 f5 33. Nxf5 Qd1+ 34. Kh2 Qxc2 35. Be3 Nxf2 36. Nd4 Ng4+ 37. hxg4 Qe4 38. Bf2 Bc4 39. Re1 Qf4+ 40. Kg1 b3 41. Re8+ Kf7 42. Ra8 c2 43. Rxa7+ Kg6 44. g3 c1=Q+ 45. Kg2 Qf1+ 0-1


[Site "https://www.chess.com"]

[Event "Titled Tuesday Blitz August 16 Early 2022"]
[White "Taspinar, Yanki"]
[Black "Belov, Vladimir"]
[WhiteFideId "34561188"]
[BlackFideId "4132394"]
[WhiteElo "1549"]
[BlackElo "2501"]
[Result "0-1"]
[Round "10"]
[TimeControl "180+1"]
[Date "2022.08.16"]
[WhiteClock "0:00:04"]
[BlackClock "0:00:12"]

1. c4 Nf6 2. d4 g6 3. g3 c6 4. Nf3 d5 5. Bg2 Bg7 6. cxd5 cxd5 7. O-O Ne4 8. Ne5 O-O 9. Nd2 Bf5 10. Qb3 Nc6 11. Nxc6 bxc6 12. Nxe4 dxe4 13. e3 c5 14. dxc5 Qc7 15. Qc4 Rab8 16. Rb1 Be6 17. Qa4 Qxc5 18. b3 f5 19. Ba3 Qc7 20. Rbc1 Qb7 21. Qc6 Bd5 22. Qxb7 Rxb7 23. Rfd1 Be6 24. Bf1 Kf7 25. Rc6 Rc8 26. Rxc8 Bxc8 27. Rd8 Bd7 28. Bc4+ Be6 29. Be2 Rc7 30. Ra8 Rc2 31. Bb5 Rxa2 32. Rxa7 Bf6 33. Bc4 Bxc4 34. bxc4 g5 35. Kg2 f4 36. gxf4 gxf4 37. exf4 e3 38. Kf1 Rxf2+ 39. Ke1 Bc3+ 40. Kd1 e2+ 41. Kc2 e1=Q+ 42. Kb3 Bf6 43. Rb7 Rf3+ 44. Ka4 Rxa3+ 45. Kxa3 Qa1+ 46. Kb4 Qb1+ 47. Ka5 Qxb7 48. c5 Bc3+ 0-1


[Site "https://www.chess.com"]

[Event "Titled Tuesday Blitz August 16 Early 2022"]
[White "Tologon tegin, Semetei"]
[Black "Samunenkov, Ihor"]
[WhiteFideId "13800574"]
[BlackFideId "14187086"]
[WhiteElo "2174"]
[BlackElo "2441"]
[Result "1-0"]
[Round "10"]
[TimeControl "180+1"]
[Date "2022.08.16"]
[WhiteClock "0:00:32"]
[BlackClock "0:00:01"]

1. g3 c5 2. Bg2 Nc6 3. c4 g6 4. Nc3 Bg7 5. b3 e5 6. Bb2 Nge7 7. d3 O-O 8. e3 d6 9. Nge2 Be6 10. Rc1 d5 11. cxd5 Nxd5 12. Nxd5 Bxd5 13. e4 Be6 14. Rxc5 Qd6 15. Rc3 Rfd8 16. O-O Rac8 17. a3 Ne7 18. Rxc8 Nxc8 19. Nc1 Ne7 20. Qd2 Nc6 21. Rd1 h5 22. b4 h4 23. Bc3 Kh7 24. Qb2 Bg4 25. f3 Be6 26. Ne2 h3 27. Bf1 Bh6 28. Kf2 Qc7 29. d4 Bc4 30. Bxh3 Qb6 31. Kg2 Bxe2 32. Qxe2 Nxd4 33. Bxd4 Rxd4 34. Bd7 Qd6 35. Ba4 Rd2 36. Rxd2 Qxd2 37. Qxd2 Bxd2 38. Bb3 Kg7 39. Bd5 b6 40. Kf1 Bc1 41. a4 Bd2 42. b5 Kf6 43. Kf2 Ke7 44. h4 Bc1 45. g4 f6 46. h5 gxh5 47. gxh5 Bf4 48. Kg2 f5 49. exf5 Kf6 50. Kf1 Kxf5 51. Ke2 Kg5 52. Bf7 Kf6 53. Bg6 Ke6 54. Kd3 Kd5 55. Bf7+ Kd6 56. Ke4 Ke7 57. Bd5 Kf6 58. Bc6 Kg5 59. Be8 Kh4 60. Bg6 Kg3 61. Bf5 Kh4 62. Bg4 Kg3 63. Bf5 Kh4 64. Bg6 Kg3 65. Bf7 Kh4 66. Kf5 Kg3 67. Bd5 Kh4 68. Kg6 e4 69. Bxe4 Be5 70. h6 Kg3 71. Kf7 Kf4 72. h7 Ke3 73. Kg8 Kd4 74. h8=Q Bxh8 75. Kxh8 Ke5 76. Kg7 Kf4 77. Kf7 1-0


[Site "https://www.chess.com"]

[Event "Titled Tuesday Blitz August 16 Early 2022"]
[White "Turzo, Attila"]
[Black "Korelskiy, Egor"]
[WhiteFideId "704954"]
[BlackFideId "34329064"]
[WhiteElo "2298"]
[BlackElo "2077"]
[Result "1-0"]
[Round "10"]
[TimeControl "180+2"]
[Date "2022.08.18"]
[WhiteClock "0:00:00"]
[BlackClock "0:00:00"]

1. e4 c5 2. Nf3 e6 3. g3 d5 4. exd5 exd5 5. d4 Nf6 6. Bg2 Be7 7. O-O O-O 8. dxc5 Bxc5 9. Nbd2 h6 10. Nb3 Bb6 11. h3 Nc6 12. Re1 Be6 13. Be3 Bxe3 14. Rxe3 Qd6 15. Nfd4 Rfe8 16. Qd2 Rac8 17. Rae1 a6 18. c3 Re7 19. Nxc6 bxc6 20. c4 Rd8 21. cxd5 cxd5 22. Nd4 Rde8 23. Qe2 Kf8 24. Kh2 Bg4 25. Qd2 Rxe3 26. Rxe3 Rxe3 27. Qxe3 Bd7 28. a3 Qe7 29. Qxe7+ Kxe7 30. b4 Kd6 31. Bf1 Bc8 32. f4 Ne4 33. Kg2 Nd2 34. Bd3 Nc4 35. a4 Nb2 36. Bc2 Bd7 37. a5 Nc4 38. h4 Na3 39. Bd3 Nc4 40. Kf3 Nb2 41. Bxa6 Na4 42. Bd3 1-0


[Site "https://www.chess.com"]

[Event "Titled Tuesday Blitz August 16 Early 2022"]
[White "Vakhlamov, Igor L."]
[Black "Vachylia, Andrii"]
[WhiteFideId "24126748"]
[BlackFideId "14137224"]
[WhiteElo "2401"]
[BlackElo "2318"]
[Result "1-0"]
[Round "10"]
[TimeControl "180+1"]
[Date "2022.08.16"]
[WhiteClock "0:01:48"]
[BlackClock "0:01:56"]

1. e4 c5 2. Nf3 d6 3. Nc3 Nf6 4. d4 cxd4 5. Qxd4 Nc6 6. Bb5 Bd7 7. Bxc6 Bxc6 8. Bg5 e6 9. O-O-O Be7 10. Rhe1 O-O 11. e5 dxe5 12. Nxe5 Qc8 13. Qh4 Re8 14. Rd3 b5 15. Rg3 Kf8 16. Bh6 1-0


[Site "https://www.chess.com"]

[Event "Titled Tuesday Blitz August 16 Early 2022"]
[White "Vlassov, Nikolai"]
[Black "Proudian, Armen"]
[WhiteFideId "4103360"]
[BlackFideId "2130734"]
[WhiteElo "2324"]
[BlackElo "2380"]
[Result "1-0"]
[Round "10"]
[TimeControl "180+2"]
[Date "2022.08.18"]
[WhiteClock "0:00:00"]
[BlackClock "0:00:00"]

1. e4 e5 2. Bc4 Nc6 3. f4 exf4 4. d4 g5 5. h4 Bg7 6. c3 h6 7. hxg5 hxg5 8. Rxh8 Bxh8 9. Qh5 Qf6 10. e5 Qg7 11. Nf3 d5 12. Bxd5 Bf5 13. Nxg5 O-O-O 14. Nxf7 Rxd5 15. Qxf5+ Rd7 16. e6 Qg3+ 17. Kf1 Re7 18. Bxf4 Qh4 19. Ng5 Qh1+ 20. Kf2 Nf6 21. d5 Nd8 22. d6 cxd6 23. Bxd6 Qd1 24. Bxe7 Ng4+ 25. Kg3 Be5+ 26. Kh4 Ne3 27. Qf3 Qh1+ 28. Nh3 Nxg2+ 29. Kg4 Nxe6 30. Nd2 Qxa1 31. Qxg2 Qxb2 32. Qd5 Nc7 33. Qxe5 Qxd2 34. Qf5+ Kb8 35. Qf8+ Ne8 36. Qxe8+ Kc7 37. Bg5 Qxc3 38. Qd8+ Kc6 39. Qc8+ Kb5 40. Qxc3 a5 41. Bd2 b6 42. Qd3+ Ka4 43. Qb3# 1-0


[Site "https://www.chess.com"]

[Event "Titled Tuesday Blitz August 16 Early 2022"]
[White "Voege, Tobias"]
[Black "Acosta Cruz, Oscar Yosimar"]
[WhiteFideId "1270513"]
[BlackFideId "5111269"]
[WhiteElo "2360"]
[BlackElo "2147"]
[Result "1-0"]
[Round "10"]
[TimeControl "180+2"]
[Date "2022.08.18"]
[WhiteClock "0:00:00"]
[BlackClock "0:00:00"]

1. e4 e6 2. d4 d5 3. Nc3 dxe4 4. Nxe4 Bd7 5. Nf3 Bc6 6. Bd3 Nd7 7. O-O Ngf6 8. Bg5 Bxe4 9. Bxe4 c6 10. Re1 Bd6 11. d5 cxd5 12. Bxd5 Qc7 13. Bb3 O-O 14. c3 h6 15. Bh4 Rfe8 16. Ba4 a6 17. Bxf6 Nxf6 18. Bxe8 Rxe8 19. Qa4 Rc8 20. Rad1 Bf8 21. h3 Nd5 22. Qb3 b5 23. Nd4 Nb6 24. Nf3 Bc5 25. Re2 Nc4 26. Qc2 a5 27. b3 Nb6 28. Qd3 b4 29. c4 a4 30. Red2 axb3 31. axb3 Qa7 32. Qe4 Be7 33. Nd4 Qc7 34. Nb5 Qc5 35. Qd4 Qc6 36. Qg4 Bf6 37. Na7 Qb7 38. Nxc8 Nxc8 39. Rd7 Qa6 40. Qe4 g6 41. Qf3 Kg7 42. Qb7 Qxb7 43. Rxb7 Ne7 44. Rxb4 Nc6 45. Rb7 Ne5 46. g3 g5 47. Kg2 h5 48. c5 g4 49. hxg4 hxg4 50. b4 Be7 51. Rxe7 1-0


[Site "https://www.chess.com"]

[Event "Titled Tuesday Blitz August 16 Early 2022"]
[White "Vrbljanac, Aleksandar"]
[Black "Atakhan, Abtin"]
[WhiteFideId "932817"]
[BlackFideId "22502203"]
[WhiteElo "2309"]
[BlackElo "2087"]
[Result "0-1"]
[Round "10"]
[TimeControl "180+1"]
[Date "2022.08.16"]
[WhiteClock "0:00:09"]
[BlackClock "0:00:07"]

1. e4 c5 2. Nf3 Nc6 3. d4 cxd4 4. Nxd4 g6 5. Nc3 Bg7 6. Be3 Nf6 7. f3 O-O 8. Qd2 d5 9. exd5 Nxd5 10. Nxc6 bxc6 11. Bd4 e5 12. Bc5 Be6 13. Ne4 Re8 14. Bc4 f5 15. Ng5 Rb8 16. O-O-O e4 17. Bb3 Qf6 18. c3 e3 19. Bxe3 Nxe3 20. Nxe6 Rxe6 21. Bxe6+ Qxe6 22. Qd6 Qe8 23. Rhe1 Bf8 24. Qd3 Bh6 25. Kb1 f4 26. Rd2 Qf7 27. g3 Nc4 28. Rde2 fxg3 29. hxg3 Bf8 30. f4 a5 31. Qe4 a4 32. Ka1 Na5 33. Qe6 Qxe6 34. Rxe6 Nc4 35. R1e2 Na5 36. R6e5 c5 37. Rd5 Nc4 38. Rd7 Nb6 39. Ra7 c4 40. Kb1 a3 41. b3 cxb3 42. axb3 Nc8 43. Rc7 Rxb3+ 44. Ka2 Rb8 45. Re8 Rb2+ 46. Ka1 Nd6 47. Rd7 Nxe8 48. Ra7 Rg2 49. Ra8 Rxg3 50. Rxe8 Rxc3 51. Re4 Rf3 52. Ka2 Kf7 53. f5 Rxf5 54. Ra4 h5 55. Ra7+ Be7 56. Rxa3 h4 57. Rh3 Rg5 58. Kb3 Rg3+ 59. Kc4 Rxh3 60. Kd4 Rg3 61. Ke4 Bd6 62. Kd4 h3 63. Kd5 h2 64. Kxd6 h1=Q 65. Kc5 Qc1+ 66. Kd5 Rd3+ 67. Ke5 Qe3# 0-1


[Site "https://www.chess.com"]

[Event "Titled Tuesday Blitz August 16 Early 2022"]
[White "Weetik, Vjacheslav"]
[Black "Vovk, Orest"]
[WhiteFideId "4153472"]
[BlackFideId "14113490"]
[WhiteElo "2469"]
[BlackElo "2203"]
[Result "1/2-1/2"]
[Round "10"]
[TimeControl "180+1"]
[Date "2022.08.16"]
[WhiteClock "0:00:08"]
[BlackClock "0:00:08"]

1. d4 h6 2. e4 g5 3. h4 g4 4. Nc3 Bg7 5. Be3 d6 6. Nge2 c6 7. Ng3 Qa5 8. Be2 Nf6 9. Qd2 Nbd7 10. Nf5 Bf8 11. O-O Nxe4 12. Nxe4 Qxf5 13. f3 Nf6 14. Nxf6+ Qxf6 15. fxg4 Qxh4 16. Rf4 Be6 17. c4 Rg8 18. d5 Bxg4 19. Raf1 f6 20. dxc6 bxc6 21. Bf3 Rc8 22. Bxc6+ Rxc6 23. Qd5 Qg3 24. Qxc6+ Kf7 25. Qd5+ Be6 26. Qd2 Bh3 27. R1f2 Be6 28. R2f3 Qg6 29. b3 h5 30. Bf2 Bh6 31. Rg3 Bxf4 32. Qxf4 Qb1+ 33. Kh2 Rg4 34. Rxg4 Bxg4 35. c5 dxc5 36. Bxc5 Qxa2 37. Qe3 e5 38. Bxa7 Qc2 39. b4 Bd7 40. Qf3 Qf5 41. Qxf5 Bxf5 42. b5 Be4 43. Be3 Bb7 44. g3 f5 45. b6 Ke6 46. Kh3 Kd5 47. Kh4 Ke4 48. Bg1 Kf3 49. Bc5 e4 50. Bb4 e3 51. Be1 Ke2 52. Bb4 Kf3 53. Be1 Ke2 54. Bb4 Kf2 55. Kxh5 Kxg3 56. Kg5 f4 57. Bd6 e2 58. Bxf4+ Kf2 59. Bd2 e1=B 60. Bxe1+ Kxe1 61. Kf6 Kd2 62. Ke7 Kc3 63. Kd8 Bg2 64. Kc7 Kb4 65. b7 Bxb7 1/2-1/2


[Site "https://www.chess.com"]

[Event "Titled Tuesday Blitz August 16 Early 2022"]
[White "Winkels, Marcel"]
[Black "Sanchez Alvares, Kelvin Antonio"]
[WhiteFideId "1003887"]
[BlackFideId "3906680"]
[WhiteElo "1900"]
[BlackElo "2189"]
[Result "0-1"]
[Round "10"]
[TimeControl "180+2"]
[Date "2022.08.18"]
[WhiteClock "0:00:00"]
[BlackClock "0:00:00"]

1. e4 c5 2. Nf3 d6 3. Bb5+ Nc6 4. O-O e5 5. c4 f5 6. d3 Be7 7. Nc3 Nf6 8. Bg5 O-O 9. Bxf6 Bxf6 10. Nd5 f4 11. Kh1 Bg4 12. Qa4 Ne7 13. Qd1 Ng6 14. Ba4 Nh4 15. a3 Qc8 16. Qe2 Bxf3 17. gxf3 Qh3 18. Rg1 Qxf3+ 19. Qxf3 Nxf3 20. Rg4 Kh8 21. Nxf6 Rxf6 22. Kg2 Nd4 23. Rg1 g6 24. Kf1 Kg7 25. h4 h5 26. R4g2 Kh6 27. Rh1 a6 28. Rh3 b5 29. cxb5 axb5 30. Bd1 b4 31. a4 b3 0-1


[Site "https://www.chess.com"]

[Event "Titled Tuesday Blitz August 16 Early 2022"]
[White "Xu, Yi"]
[Black "Ajay, Karthikeyan"]
[WhiteFideId "8605564"]
[BlackFideId "35011685"]
[WhiteElo "2471"]
[BlackElo "2168"]
[Result "1-0"]
[Round "10"]
[TimeControl "180+1"]
[Date "2022.08.16"]
[WhiteClock "0:00:54"]
[BlackClock "0:00:01"]

1. e4 c5 2. Nf3 d6 3. d4 cxd4 4. Nxd4 Nf6 5. Nc3 a6 6. f3 e5 7. Nb3 Be7 8. Be3 Be6 9. Qd2 Nbd7 10. O-O-O b5 11. g4 b4 12. Nd5 a5 13. Nxe7 Qxe7 14. Qxd6 Qxd6 15. Rxd6 Ke7 16. Rd2 Rhc8 17. Kb1 a4 18. Nc1 Ne8 19. Be2 Nd6 20. Rhd1 Nc4 21. Bxc4 Rxc4 22. Nd3 b3 23. cxb3 axb3 24. a3 f6 25. Nb4 Rac8 26. h3 h6 27. h4 Nc5 28. Nd5+ Bxd5 29. Rxd5 Ne6 30. Rb5 Rc2 31. Rxb3 Re2 32. Ka2 Ra8 33. h5 Kf7 34. Rd6 Ra6 35. Rxa6 1-0


[Site "https://www.chess.com"]

[Event "Titled Tuesday Blitz August 16 Early 2022"]
[White "Yurasova, Daria"]
[Black "Miszler, Levente"]
[WhiteFideId "34146919"]
[BlackFideId "763276"]
[WhiteElo "2021"]
[BlackElo "1966"]
[Result "1-0"]
[Round "10"]
[TimeControl "180+2"]
[Date "2022.08.18"]
[WhiteClock "0:00:00"]
[BlackClock "0:00:00"]

1. d4 Nf6 2. Bg5 Ne4 3. Bf4 d5 4. Nd2 Bf5 5. Ngf3 e6 6. e3 Bd6 7. Bg3 h6 8. Bd3 Nxg3 9. hxg3 Bxd3 10. cxd3 Nd7 11. O-O e5 12. dxe5 Nxe5 13. Nxe5 Bxe5 14. d4 Bd6 15. Rc1 h5 16. Nf3 h4 17. gxh4 Rxh4 18. Nxh4 Qxh4 19. g3 Bxg3 20. Kg2 Qh2+ 21. Kf3 Bh4 22. Ke2 O-O-O 23. Kd2 Re8 24. Qf3 Bf6 25. Kc2 Qd6 26. Kb1 c6 27. a3 Re4 28. Qh5 g6 29. Qh7 Qe6 30. Qg8+ Kc7 31. Qa8 a6 32. Qa7 Be7 33. Rc2 Qf5 34. Rfc1 Re6 35. Ka1 g5 36. Rc3 g4 37. Rb3 Kd6 38. Qxb7 Rf6 39. Rxc6# 1-0


[Site "https://www.chess.com"]

[Event "Titled Tuesday Blitz August 16 Early 2022"]
[White "Zemlyanskii, Ivan"]
[Black "Terry, Renato"]
[WhiteFideId "24249971"]
[BlackFideId "3803457"]
[WhiteElo "1879"]
[BlackElo "2577"]
[Result "1-0"]
[Round "10"]
[TimeControl "180+1"]
[Date "2022.08.16"]
[WhiteClock "0:01:36"]
[BlackClock "0:02:28"]

1. d4 d5 2. c4 dxc4 3. e3 Nf6 4. Bxc4 e6 5. Nf3 a6 6. a4 c5 7. O-O Nc6 8. Qe2 Be7 9. Rd1 O-O 10. dxc5 Qc7 11. b3 Bxc5 12. Bb2 b6 13. Nbd2 Bb7 14. Rac1 Qe7 15. Bd3 Nb4 16. Bxf6 gxf6 17. Be4 f5 18. Bxb7 Qxb7 19. Nc4 Rad8 20. Nd4 Qe4 21. Nd2 Qh4 22. N2f3 Qf6 23. h3 1-0


[Site "https://www.chess.com"]

[Event "Titled Tuesday Blitz August 16 Early 2022"]
[White "Zherebtsova, Alexandra"]
[Black "Legenia, Artem"]
[WhiteFideId "24129518"]
[BlackFideId "14136945"]
[WhiteElo "2025"]
[BlackElo "1936"]
[Result "0-1"]
[Round "10"]
[TimeControl "180+2"]
[Date "2022.08.18"]
[WhiteClock "0:00:00"]
[BlackClock "0:00:00"]

1. d4 Nf6 2. Nf3 e6 3. c4 Bb4+ 4. Nbd2 Nc6 5. a3 Bxd2+ 6. Qxd2 d5 7. e3 O-O 8. b4 a5 9. b5 Ne7 10. Bb2 c6 11. Ne5 Ne4 12. Qc2 a4 13. f3 Qa5+ 14. Ke2 Nd6 15. Bc3 Qc7 16. b6 Qd8 17. c5 Ndf5 18. Kf2 f6 19. Nd3 Ng6 20. Be2 Qe7 21. e4 dxe4 22. fxe4 Nh6 23. Rhf1 e5 24. dxe5 fxe5+ 25. Kg1 Bg4 26. Bxg4 Nxg4 27. Qe2 Nf6 28. Rad1 Nf4 29. Nxf4 Qxc5+ 30. Bd4 exd4 31. Qa2+ Kh8 32. Ne6 Qxb6 33. Nxf8 Rxf8 34. e5 Nd7 35. Rxf8+ Nxf8 36. Qf7 Qd8 37. Rf1 Ng6 38. e6 d3 39. e7 Qxe7 40. Qxe7 Nxe7 41. Rf8+ Ng8 42. Rd8 h6 43. Rxd3 Nf6 44. Rd4 b5 45. Rd6 c5 46. Rc6 Ne4 47. Rb6 Nc3 48. Rc6 c4 49. Kf2 Kg8 50. Rc5 Ne4+ 51. Ke3 Nxc5 0-1


[Site "https://www.chess.com"]